 Dungeon Crawl Stone Soup version 0.23-a0-350-g6fd5563 (webtiles) character file.

90 Amnesiac the Digger (level 4, 18/18 HPs)
             Began as a Felid Earth Elementalist on Oct 20, 2018.
             Was a Follower of Vehumet.
             Quit the game on level 3 of the Dungeon.
             The game lasted 00:06:19 (3030 turns).

Amnesiac the Digger (Felid Earth Elementalist)      Turns: 3030, Time: 00:06:20

Health: 18/18      AC:  1    Str:  4    XL:     4   Next: 32%
Magic:  9/9        EV: 18    Int: 18    God:    Vehumet [*.....]
Gold:   96         SH:  0    Dex: 16    Spells: 3/9 levels left
                                        Lives:  0   Deaths: 1

rFire    . . .     SeeInvis +   (weapon unavailable)
rCold    . . .     Gourm    .   (shield unavailable)
rNeg     . . .     Faith    .   (armour unavailable)
rPois    .         Spirit   .   (helmet unavailable)
rElec    .         Reflect  .   (cloak unavailable)
rCorr    .         Harm     .   (gloves unavailable)
MR       .....                  (boots unavailable)
Stlth    +++.......             (no amulet)
HPRegen  0.06/turn              (no ring)
MPRegen  0.11/turn              (no ring)

@: quick
A: very small, no armour, no weapons or thrown items, stealth, claws 1, fangs 3,
see invisible, carnivore, speed 1, shaggy fur 1, slow metabolism 1, sharp paws
a: Renounce Religion


You were on level 3 of the Dungeon.
You worshipped Vehumet.
Vehumet was aware of your devotion.
You were not hungry.

You visited 2 branches of the dungeon, and saw 5 of its levels.

You collected 96 gold pieces.

Inventory:

Missiles
 b - 16 stones
Scrolls
 d - a scroll of teleportation {!r}
Potions
 a - a potion of curing {!q}
 e - a potion of heal wounds {!q}
 i - a potion of resistance {!q}
 k - a potion of mutation {!q}
 l - a potion of flight {!q}
Comestibles
 c - 5 rations
 m - a chunk of flesh


   Skills:
 - Level 3.0 Dodging
 - Level 3.0 Stealth
 + Level 3.3 Spellcasting
 - Level 1.1 Transmutations
 * Level 4.6 Earth Magic


You had 3 spell levels left.
You knew the following spells:

 Your Spells              Type           Power        Failure   Level  Hunger
a - Sandblast             Erth           ###...       2%          1    None
b - Passwall              Tmut/Erth      ##......     8%          2    ##.....
c - Stone Arrow           Conj/Erth      ##....       19%         3    ###....

Your spell library contained the following spells:

 Spells                   Type           Power        Failure   Level  Hunger
 Sting                    Conj/Pois      #...         16%         1    None
 Petrify                  Tmut/Erth      ##......     43%         4    ####...
 Lee's Rapid Deconstruct  Erth           ###.......   54%         5    ######.


Dungeon Overview and Level Annotations

Branches:
Dungeon (4/15)             Temple (1/1) D:4

Altars:
Ashenzari
Cheibriados
Dithmenos
Elyvilon
Gozag
Hepliaklqana
Makhleb
Nemelex Xobeh
Ru
Trog
Vehumet
Wu Jian
Xom
Yredelemnul
The Shining One

Annotations:
D:1 Terence


Innate Abilities, Weirdness & Mutations

You cannot wear armour.
You are incapable of wielding weapons or throwing items.
Your paws allow you to move quietly. (Stealth)
You have sharp claws.
You have razor-sharp teeth.
You have supernaturally acute eyesight. (SInv)
You are carnivorous and can eat meat at any time.
You cover ground quickly.
You are covered in fur. (AC +1)
You have a slow metabolism.
Your sharp claws are effective at attacking unaware monsters.


Message History

You feel your strength returning.
Casting: Stone Arrow (safe; 22% risk of failure)
Confirm with . or Enter, or press ? or * to list all spells.
You don't have enough magic to cast that spell.
You start resting.
The orc priest is too close now for your liking.
Adjust (i)tems, (s)pells, or (a)bilities?
Adjust which spell? c - Sandblast Adjust to which letter? a - Sandblast; c - Stone Arrow
Casting: Stone Arrow (safe; 22% risk of failure)
Confirm with . or Enter, or press ? or * to list all spells.
Aiming: Sandblast (safe; 2% risk of failure)
Press: ? - help, Shift-Dir - straight line, f - orc priest
Aim: an orc priest, wielding a +0 whip of electrocution and wearing a +0 The blast of sand misses the orc priest.
b - 17 stones
Casting: Sandblast (safe; 2% risk of failure)
Confirm with . or Enter, or press ? or * to list all spells.
Aiming: Sandblast (safe; 2% risk of failure)
Press: ? - help, Shift-Dir - straight line, f/p - orc priest
Aim: an orc priest, wielding a +0 whip of electrocution and wearing a +0 The blast of sand hits the orc priest.
The orc priest is moderately wounded.
b - 16 stones The orc priest mumbles some strange prayers to Beogh against you.
Beogh smites you!
Ouch! That really hurt!
* * * LOW HITPOINT WARNING * * *
You hear a shout!
Casting: Sandblast (safe; 2% risk of failure)
Confirm with . or Enter, or press ? or * to list all spells.
Aiming: Stone Arrow (safe; 22% risk of failure)
Press: ? - help, Shift-Dir - straight line, f/p - orc priest
Aim: an orc priest, wielding a +0 whip of electrocution and wearing a +0 You miscast Stone Arrow.
You are showered with tiny particles of grit.
The orc priest misses you.
Unknown command.
Really quaff
f - a glowing silvery potion {!q}? [Y]es or [N]o only, please.
Really quaff
f - a glowing silvery potion {!q}?
It was a potion of berserk rage {!q}.
A red film seems to cover your vision as you go berserk!
You feel yourself moving faster!
You feel mighty! The orc priest completely misses you.
You closely miss the orc priest.
The orc priest is moderately wounded.
You closely miss the orc priest.
The orc priest is moderately wounded.
The orc priest hits you with a +0 whip of electrocution.
* * * LOW HITPOINT WARNING * * *
You barely miss the orc priest.
The orc priest is moderately wounded.
You scratch the orc priest but do no damage.
The orc priest is moderately wounded.
The orc priest hits you with a +0 whip of electrocution.
* * * LOW HITPOINT WARNING * * *
You are electrocuted!
You die...
You are now level 4!
You rejoin the land of the living...
Are you sure you want to abandon this character and quit the game? (Confirm

#.# ####...####...## #.#
###......).## #.#
#.##....... #.#
##....###.## #.# #.....#
#.#
#.###########.....###.##
#.............⌠.⌠......"
##.######......._...##.#.
##.......@.....[⌠.⌠..##.#.
#.≈≈≈............>.<.##.#.
#≈≈≈≈≈...............##.#.
#≈≈.≈≈####.####......##.#.
#≈≈≈≈≈# #.# #......##.#.
##≈≈≈## #.# #########...
##_## #.# ##.. ###
#.#############.P
#.............÷.)


There were no monsters in sight!

Vanquished Creatures
  A water moccasin skeleton (D:4)
  An orc priest (D:3)
  3 adders
  2 worms
  4 dart slugs
  3 leopard geckos
  3 orcs
  A ball python (D:1)
  6 bats
  3 giant cockroaches (D:3)
  8 goblins
  4 hobgoblins (D:1)
  3 quokkas
  3 frilled lizards
  2 jackal skeletons (D:4)
  7 kobolds
  4 rats
58 creatures vanquished.

Vanquished Creatures (others)
  A quokka (D:2)
1 creature vanquished.

Grand Total: 59 creatures vanquished

Notes
Turn   | Place    | Note
-------+----------+-------------------------------------------
     0 | D:1      | Amnesiac the Felid Earth Elementalist began the quest for
                  | the Orb.
     0 | D:1      | Reached XP level 1. HP: 7/7 MP: 4/4
   409 | D:1      | Reached XP level 2. HP: 6/11 MP: 3/6
   470 | D:1      | Reached skill level 3 in Earth Magic
   609 | D:2      | Found a white marble altar of Elyvilon.
   645 | D:3      | Noticed Terence
   748 | D:4      | Reached XP level 3. HP: 9/14 MP: 3/7
   855 | D:4      | Noticed a slave
   856 | D:4      | Noticed a slave
   862 | D:4      | Found a glowing golden altar of the Shining One.
   898 | D:4      | Learned a level 2 spell: Passwall
   917 | D:4      | Reached XP level 4. HP: 5/18 MP: 1/9
  1176 | D:4      | Found a staircase to the Ecumenical Temple.
  1180 | Temple   | Entered the Ecumenical Temple
  1400 | Temple   | Became a worshipper of Vehumet
  1675 | D:1      | Learned a level 3 spell: Stone Arrow
  1760 | D:1      | Reached skill level 4 in Earth Magic
  2448 | D:3      | Found a sacrificial altar of Ru.
  2531 | D:3      | Found a sparkling altar of Nemelex Xobeh.
  2648 | D:3      | Reached * piety under Vehumet
  2648 | D:3      | Offered knowledge of Sting by Vehumet.
  2783 | D:3      | Found a snail-covered altar of Cheibriados.
  2786 | D:3      | Reached XP level 5. HP: 21/21 MP: 7/10
  3029 | D:3      | Mangled by an orc priest
  3030 | D:3      | Reached XP level 4. HP: -11/27 MP: 1/9
  3030 | D:3      | Quit the game

Vault maps used:
D:1:      dpeg_arrival_rooms_b
D:2:      elyvilon_altar_4, corexii_corridor_pit
D:3:      kennysheep_slug_shrine, nemelex_xobeh_ov_fountains_minmay,
          first_ration, serial_bayou_pond_c, nicolae_ru_the_path_less_chosen,
          uniq_terence
D:4:      nicolae_overflow_crystal_walls, lemuel_doored_altar,
          minmay_temple_entry_glassed_door, minmay_close_crescents, uniq_pikel,
          uniq_eustachio
Temple:   minmay_temple_curvy_loop

Skill      XL: |  1  2  3  4 |
---------------+-------------+-----
Stealth        | 3 |  3.0
Dodging        | 3 |  3.0
Earth Magic    | 3 4 |  4.6
Spellcasting   | 3 |  3.3
Transmutations | |  1.1

Action                   |  1- 3 |  4- 6 || total
-------------------------+-------+-------++-------
Melee: Unarmed           |    16 |    23 ||    39
 Cast: Sandblast         |    28 |    54 ||    82
       Passwall          |       |    17 ||    17
       Stone Arrow       |       |     2 ||     2
  Use: Scroll            |     4 |     5 ||     9
       Potion            |     1 |     2 ||     3
 Stab: Sleeping          |     2 |       ||     2
  Eat: Chunk             |     7 |     6 ||    13
Armor: Skin              |     2 |     7 ||     9
Dodge: Dodged            |    25 |    34 ||    59

Table legend:
 A = Non-vault XP
 B = Vault XP
 C = Vault XP percentage of total XP
 D = Non-vault monster count
 E = Vault monster count
 F = Vault count percentage of total count
                 A         B        C        D         E       F
            +---------+---------+-------+---------+---------+-------
      Total |     231 |      25 |   9.8 |      52 |       6 |  10.3
            +---------+---------+-------+---------+---------+-------
        D:1 |      28 |       0 |   0.0 |      15 |       0 |   0.0
        D:2 |      51 |       0 |   0.0 |      13 |       0 |   0.0
        D:3 |      85 |       4 |   4.5 |      22 |       1 |   4.3
        D:4 |      67 |      21 |  23.9 |       2 |       5 |  71.4
            +---------+---------+-------+---------+---------+-------
